 Dungeon Crawl Stone Soup version 0.29.1-2-gbd0b4ee654 (webtiles) character file.

Game seed: 6793662784448593658

553 H0rd4k the Charlatan (level 7, -1/45 HPs)
             Began as an Octopode Artificer on Nov 3, 2022.
             Succumbed to a kobold brigand's curare-tipped dart
             ... in a sewer.
             The game lasted 00:03:42 (4920 turns).

H0rd4k the Charlatan (Octopode Artificer)           Turns: 4920, Time: 00:03:43

Health: -1/45      AC:  1    Str: 11    XL:     7   Next: 29%
Magic:  7/7        EV: 14    Int: 15    God:
Gold:   259        SH:  0    Dex: 13    Spells: 6/6 levels left

rFire   + . .      SeeInvis .   i - +2 dagger (venom)
rCold   + . .      Faith    .   (no shield)
rNeg    . . .      Spirit   .   (helmet restricted)
rPois   +          Reflect  .   (no amulet)
rElec   +          Harm     .   (no ring)
rCorr   +          Rampage  .   (no ring)
Will    .....                   (no ring)
Stlth   +++.......              (no ring)
HPRegen 0.15/turn               (no ring)
MPRegen 0.10/turn               (no ring)
                                (no ring)
                                (no ring)

@: lethally poisoned (-1 -> -9), resistant, slowed, very slow
A: almost no armour, amphibious, 8 rings, camouflage 1, gelatinous body 1,
(nimble swimmer 1), tentacles
a: no special abilities


You were in a sewer.
You visited 1 branch of the dungeon, and saw 5 of its levels.
You also visited: Sewer.

You collected 259 gold pieces.

Inventory:

Hand Weapons
 i - a +2 dagger of venom (weapon)
 t - a +4 dagger of draining
Missiles
 h - 3 atropa-tipped darts
 w - 5 poisoned darts
Jewellery
 r - a ring of willpower
 x - a +6 ring of intelligence
Wands
 b - a wand of flame (15) (quivered)
 c - a wand of charming (18)
 d - a wand of iceblast (5)
 v - a wand of mindburst (12)
Scrolls
 a - 2 scrolls of poison {unknown}
 e - a scroll of fog {unknown}
 f - 2 scrolls of brand weapon {unknown}
 g - 2 scrolls of immolation {unknown}
 j - 2 scrolls of vulnerability {unknown}
 n - a scroll of torment {unknown}
 q - 2 scrolls of identify {unknown}
 u - a scroll of teleportation {unknown}
 y - a scroll of fear {unknown}
Potions
 k - 2 potions of mutation {unknown}
 l - a potion of curing {unknown}
 m - 2 potions of resistance
 o - a potion of degeneration {unknown}
 p - 2 potions of heal wounds {unknown}
 s - a potion of might {unknown}
 z - a potion of attraction {unknown}
 A - a potion of haste {unknown}


   Skills:
 + Level 2.8 Fighting
 + Level 2.5 Short Blades
 + Level 1.2 Maces & Flails
 + Level 4.8 Dodging
 - Level 1.3 Stealth
 + Level 2.5 Unarmed Combat
 + Level 4.9 Evocations


You had 6 spell levels left.
You didn't know any spells.
Your spell library contained the following spells:

 Spells                   Type           Power      Damage    Failure   Level
 Apportation              Tloc           0%         N/A       26%         1
 Necrotise                Necr           0%         1d4       26%         1
 Sandblast                Erth           0%         2d4       26%         1
 Summon Small Mammal      Summ           0%         N/A       26%         1
 Passwall                 Tmut/Erth      0%         N/A       38%         2
 Stone Arrow              Conj/Erth      0%         3d7       63%         3
 Malign Gateway           Summ/Tloc      0%         N/A       100%        7
 Summon Horrible Things   Summ           0%         N/A       100%        8


Dungeon Overview and Level Annotations

Branches:
Dungeon (5/15)              Sewer (1/1)
 Temple: D:4-7

Altars:

Annotations:
D:5 exclusion: ice beast


Innate Abilities, Weirdness & Mutations

You cannot wear most types of armour.
You are amphibious.
You can wear up to eight rings at the same time.
Your skin changes colour to match your surroundings (Stealth+).
Your rubbery body absorbs attacks. (AC +1, EV +1)
((You are camouflaged when in or above water. (Stealth+)))
You have tentacles for arms and can constrict up to eight enemies at once.


Message History

The kobold brigand is severely wounded.
You constrict the kobold brigand.
You kill the kobold brigand!
Things that are here:
a +0 dagger; a curare-tipped dart A ball python comes into view.
The ball python hisses angrily.
The ball python bites you but does no damage.
The ball python closely misses you.
You closely miss the ball python. Your grab misses the ball python.
You squeeze the ball python.
The ball python is severely wounded.
The ball python misses you. x2
You closely miss the ball python. Your grab misses the ball python.
The ball python is moderately wounded.
The ball python closely misses you. The ball python misses you.
You closely miss the ball python. You grab the ball python.
You squeeze the ball python.
You kill the ball python!
Found a scroll labelled FIGHEU WENWURO.
Found a bubbling inky potion.
A kobold brigand comes into view.
It is wielding a +0 dagger and quivering curare-tipped darts.
The kobold brigand shouts!
The kobold brigand throws a curare-tipped dart.
The curare-tipped dart hits you.
You are poisoned.
You have difficulty breathing.
* * * LOW HITPOINT WARNING * * *
You feel yourself slow down.
Aiming: Charm
Press: ? - help, Shift-Dir - straight line, f - kobold brigand
Aim: a kobold brigand, wielding a +0 dagger and quivering curare-tipped darts (chance to affect: 62%)
The kobold brigand resists with significant effort.
* * * LOW HITPOINT WARNING * * *
You feel very sick.
The kobold brigand throws a curare-tipped dart.
The curare-tipped dart misses you.
It was a potion of resistance.
You feel protected.
You die...

###.~~. ~.. ##.~. #~#
##~# #~# #~# #~# #~# #
##~## ##~# ##~# ##...##
##.†.
##.!..####....~#####....
#..~?..@..~~..~~~~~~....
#..K.#####.....#####~...
### ##~..## ##.). #####
####


You could see a kobold brigand.

Vanquished Creatures
  Sigmund (D:2)
  A kobold brigand (Sewer)
  A hound (D:4)
  Ijyb (D:4)
  Natasha (D:2)
  4 gnolls (D:3)
  10 adders
  A river rat (Sewer)
  2 worms (Sewer)
  A dart slug (D:1)
  5 orcs
  5 ball pythons
  7 endoplasms
  7 giant cockroaches
  3 goblins
  5 hobgoblins
  13 jackals
  11 kobolds
  3 quokkas
  9 bats
  8 frilled lizards
  4 rats
103 creatures vanquished.

Notes
Turn   | Place    | Note
-------+----------+-------------------------------------------
     0 | D:1      | H0rd4k the Octopode Artificer began the quest for the Orb.
     0 | D:1      | Reached XP level 1. HP: 13/13 MP: 1/1
   374 | D:1      | Reached XP level 2. HP: 9/18 MP: 2/2
  1052 | D:1      | Reached XP level 3. HP: 12/23 MP: 3/3
  1675 | D:2      | Noticed Sigmund
  1684 | D:2      | Killed Sigmund
  1685 | D:2      | Reached skill level 1 in Maces & Flails
  1685 | D:2      | Reached skill level 1 in Unarmed Combat
  1685 | D:2      | Reached XP level 4. HP: 14/29 MP: 4/4
  1685 | D:2      | Reached XP level 5. HP: 17/34 MP: 5/5
  2116 | D:2      | Reached XP level 6. HP: 32/39 MP: 6/6
  2577 | D:2      | Noticed Natasha
  2585 | D:2      | Killed Natasha
  3018 | D:3      | Found a faded altar of an unknown god.
  3071 | D:3      | Reached skill level 1 in Short Blades
  3955 | D:4      | Noticed Ijyb
  3966 | D:4      | Killed Ijyb
  4705 | D:5      | Entered Level 5 of the Dungeon
  4710 | D:5      | Noticed an ice beast
  4765 | D:5      | Found a glowing drain.
  4770 | D:5      | Reached XP level 7. HP: 41/45 MP: 7/7
  4783 | Sewer    | Entered a sewer
  4919 | Sewer    | HP: 2/45 [poisoned by a kobold brigand (curare-tipped
                  | dart)]
  4920 | Sewer    | Succumbed to a kobold brigand's curare-tipped dart

Illustrated notes

Levels and vault maps discovered:
D:1:      saegor_arrival_simple_d, layout_rooms, hangedman_decor_opposing,
          minmay_statues_item
D:2:      layout_basic, grunt_ministairs_8, uniq_sigmund, uniq_natasha
D:3:      layout_basic, hellmonk_ecumenical_altar_arch_garden, feat_on_display
D:4:      layout_gridville, uniq_ijyb
D:5:      layout_loops_ring, gup_sewer_entry_glass, enter_ossuary_3
Sewer:    sewer_co_15_rooms

Skill      XL: |  1  2  3  4  5  6  7 |
---------------+----------------------+-----
Evocations     | 4 |  4.9
Maces & Flails | 1 |  1.2
Dodging        | 3 4 |  4.8
Unarmed Combat | 1 2 |  2.5
Short Blades   | 1 2 |  2.5
Fighting       | 2 |  2.8
Stealth        | |  1.3

Action                   |  1- 3 |  4- 6 |  7- 9 || total
-------------------------+-------+-------+-------++-------
Melee: Club              |    21 |       |       ||    21
       Constrict         |    21 |    24 |    12 ||    57
       Tentacles         |    12 |    23 |    11 ||    46
       Unarmed           |    41 |       |       ||    41
       Dagger            |    18 |   112 |    42 ||   172
       Punch             |       |     4 |       ||     4
Evoke: Wand              |       |       |     1 ||     1
  Use: Potion            |       |       |     1 ||     1
 Stab: Sleeping          |     4 |    12 |     3 ||    19
Armor: Skin              |     9 |     6 |     1 ||    16
Dodge: Dodged            |    71 |    73 |    18 ||   162
